 Dungeon Crawl Stone Soup version 0.30.0 (webtiles) character file.

Game seed: 8243341761602102110

131 pym505 the Shooter (level 5, -11/39 HPs)
             Began as a Formicid Hunter on Dec 30, 2023.
             Mangled by Natasha (13 damage)
             ... on level 2 of the Dungeon.
             The game lasted 00:02:55 (1151 turns).

pym505 the Shooter (Formicid Hunter)                Turns: 1151, Time: 00:02:56

Health: -11/39     AC:  3    Str: 16    XL:     5   Next: 37%
Magic:  5/5        EV: 13    Int:  8    God:
Gold:   84         SH:  0    Dex: 31    Spells: 4/4 levels left

rFire   . . .        a - +0 shortbow
rCold   . . .        (no shield)
rNeg    . . .        c - +0 leather armour
rPois   .            (helmet unavailable)
rElec   .            (no cloak)
rCorr   .            (no gloves)
SInv    +            (no boots)
Will    .....        (no amulet)
Stlth   +++          d - +6 ring of dexterity
HPRegen 0.26/turn    g - +6 ring of dexterity
MPRegen 0.09/turn

%: no passive effects
@: lethally poisoned (-11 -> -14)
A: permanent stasis, dig shafts and tunnels, antennae 3, four strong arms
a: Dig, Shaft Self


You were on level 2 of the Dungeon.
You visited 1 branch of the dungeon, and saw 2 of its levels.

You collected 84 gold pieces.

Inventory:

Hand Weapons
 a - a +0 shortbow (weapon)
Armour
 c - a +0 leather armour (worn)
Jewellery
 d - a +6 ring of dexterity (left hand)
 g - a +6 ring of dexterity (right hand)
 h - a ring of ice
Scrolls
 b - 2 scrolls of immolation
Potions
 e - a potion of invisibility
 f - a potion of attraction


   Skills:
 + Level 2.5 Fighting
 + Level 5.5 Ranged Weapons
 + Level 2.2 Armour
 + Level 2.0 Dodging
 + Level 1.2 Stealth


You had 4 spell levels left.
You didn't know any spells.
Your spell library contained the following spells:

 Spells                   Type           Power      Damage    Failure   Level
 Ensorcelled Hibernation  Hex/Ice        0%         N/A       63%         2
 Static Discharge         Conj/Air       0%         2-2/arc   63%         2
 Spider Form              Tmut/Pois      0%         N/A       85%         3
 Anguish                  Hex/Necr       0%         N/A       99%         4
 Fulminant Prism          Conj/Hex       0%         3d5       99%         4
 Yara's Violent Unravell  Hex/Tmut       0%         3d3       100%        5


Dungeon Overview and Level Annotations

Branches:
Dungeon (2/15)

Altars:

Shops:
D:2 (

Annotations:
D:2 Natasha


Innate Abilities, Weirdness & Mutations

You cannot be hasted, slowed, berserked, paralysed or teleported.
You can dig through walls and to a lower floor.
You have a pair of large antennae on your head. (SInv)
Your four strong arms can wield two-handed weapons with a shield.


Message History

The adder is heavily wounded.
You feel sick. The adder bites you.
You are more poisoned.
The adder poisons you! The cerulean imp barely misses you. The adder bites you.
You are more poisoned.
The adder poisons you!
Natasha drinks a potion.
Natasha seems to grow stronger.
You shoot an arrow. The arrow hits the adder.
The adder is almost dead.
You feel very sick. The cerulean imp closely misses you.
The adder barely misses you. The cerulean imp barely misses you.
The adder bites you.
You feel very sick. Natasha claws you.
You shoot an arrow.
The arrow hits Natasha but does no damage.
You feel sick.
The cerulean imp hits you from afar with a +2 spear.
* * * LOW HITPOINT WARNING * * *
Natasha claws you.
* * * LOW HITPOINT WARNING * * *
Okay, then.
Unknown command.
Unknown command.
Okay, then.
Fire: a) +0 shortbow
Press: ? - help, Shift-Dir - straight line, f - adder, p - Natasha
Aim: an adder (almost dead, 56% to hit)
You shoot an arrow. The arrow hits Natasha.
Natasha is lightly wounded.
* * * LOW HITPOINT WARNING * * *
You feel sick. The cerulean imp barely misses you. Natasha closely misses you.
Fire: a) +0 shortbow
Press: ? - help, Shift-Dir - straight line, f/p - adder
Aim: an adder (almost dead, 56% to hit)
You shoot an arrow.
The arrow hits Natasha but does no damage.
Natasha is lightly wounded.
* * * LOW HITPOINT WARNING * * *
You feel sick. The cerulean imp completely misses you. Natasha claws you!
You die...

##......#.........#
#.......#....##...#####
.#.#......#.######.>.....
#..##......#.........#####
##..#......#########.#
##...[....# #.#
###..#'#### #.#
.........## .# #.#
##.......@###...# #.#
######.##h...# #.#
#.......5#'# #.#
####.#.#... #.## ..... #.#
.....# #. .....# #. .....#
.#.#.#


You could see Natasha (strong) and a cerulean imp (summoned).

Vanquished Creatures
  Terence (D:2)
  Natasha (D:2)
  Robin (D:2)
  A gnoll (D:1)
  2 dart slugs (D:1)
  6 bats
  4 endoplasms
  2 giant cockroaches (D:1)
  11 goblins
  9 hobgoblins
  2 jackals (D:1)
  2 kobolds (D:1)
  2 quokkas
  4 ball pythons
  A frilled lizard (D:1)
  2 rats (D:1)
51 creatures vanquished.

Notes
Turn   | Place    | Note
-------+----------+-------------------------------------------
     0 | D:1      | pym505 the Formicid Hunter began the quest for the Orb.
     0 | D:1      | Reached XP level 1. HP: 16/16 MP: 1/1
   107 | D:1      | Reached XP level 2. HP: 19/22 MP: 2/2
   111 | D:1      | Reached XP level 3. HP: 26/28 MP: 3/3
   357 | D:1      | Reached skill level 5 in Ranged Weapons
   424 | D:1      | Reached XP level 4. HP: 34/34 MP: 4/4
   569 | D:2      | Found Nopn's Antique Weapon Shoppe.
   806 | D:2      | Noticed Terence
   813 | D:2      | Killed Terence
   872 | D:2      | Noticed Natasha
   879 | D:2      | Killed Natasha
   880 | D:2      | Reached skill level 1 in Armour
   880 | D:2      | Reached XP level 5. HP: 32/39 MP: 5/5
   936 | D:2      | Got Sif Muna's Notes on Atmospheric Enchantment
   974 | D:2      | Noticed Robin
   993 | D:2      | Killed Robin
  1133 | D:2      | Identified the +3 leather armour of Compression {rC- rN+++
                  | rCorr Str+3}
  1139 | D:2      | Noticed Natasha
  1151 | D:2      | Mangled by Natasha

Illustrated notes

Levels and vault maps discovered:
D:1:      dpeg_arrival_boxes_within_box, layout_rooms, serial_bayou_crossing
D:2:      layout_basic, serial_shops, shop, uniq_terence, uniq_robin,
          uniq_natasha

Skill      XL: |  1  2  3  4  5 |
---------------+----------------+-----
Ranged Weapons | 5 |  5.5
Dodging        | 2 |  2.0
Armour         | 1 2 |  2.2
Fighting       | |  2.5
Stealth        | |  1.2

Action                     |  1- 3 |  4- 6 || total
---------------------------+-------+-------++-------
   Fire: Shortbow          |    61 |    60 ||   121
    Use: Scroll            |       |     5 ||     5
         Potion            |       |     1 ||     1
 Armour: Leather armour    |     3 |    13 ||    16
  Dodge: Dodged            |    12 |    39 ||    51
